 Dungeon Crawl Stone Soup version 0.23.2-30-g0e89c35649 (webtiles) character file.

Game seed: 16329335900678438996

16 Masnef the Vexing (level 2, -10/11 HPs)
             Began as a Felid Enchanter on June 24, 2019.
             Mangled by a kobold
             ... wielding a +2 dagger of electrocution
              (20 damage)
             ... on level 2 of the Dungeon.
             The game lasted 00:02:00 (932 turns).

Masnef the Vexing (Felid Enchanter)                  Turns: 932, Time: 00:02:00

Health: -10/11     AC:  1    Str:  4    XL:     2   Next: 37%
Magic:  6/6        EV: 19    Int: 16    God:
Gold:   56         SH:  0    Dex: 16    Spells: 2/5 levels left
                                        Lives:  0   Deaths: 0

rFire    . . .     SeeInvis +     - Unarmed
rCold    . . .     Gourm    .   (shield unavailable)
rNeg     . . .     Faith    .   (armour unavailable)
rPois    .         Spirit   .   (helmet unavailable)
rElec    .         Reflect  .   (cloak unavailable)
rCorr    .         Harm     .   (gloves unavailable)
MR       .....                  (boots unavailable)
Stlth    +++.......             (no amulet)
HPRegen  0.03/turn              j - +1 ring of evasion
MPRegen  0.10/turn              (no ring)

@: quick
A: very small, no armour, no weapons or thrown items, stealth, claws 1, fangs 3,
see invisible, carnivore, speed 1, shaggy fur 1, slow metabolism 1, sharp paws
a: no special abilities


You were on level 2 of the Dungeon.
You were not hungry.

You visited 1 branch of the dungeon, and saw 2 of its levels.

You collected 56 gold pieces.

Inventory:

Jewellery
 j - a +1 ring of evasion (left paw)
Scrolls
 c - a scroll of identify {unknown}
 d - a scroll of teleportation {unknown}
 f - a scroll of blinking {unknown}
 h - a scroll of enchant weapon {unknown}
 l - a scroll of fog {unknown}
 n - a scroll of remove curse {unknown}
 o - a scroll of random uselessness {unknown}
Potions
 a - a potion of curing {unknown}
 e - a potion of invisibility {unknown}
 g - a potion of degeneration {unknown}
 i - a potion of flight {unknown}
 k - a potion of magic {unknown}
 m - a potion of heal wounds {unknown}
Comestibles
 b - 2 rations


   Skills:
 + Level 2.6 Dodging
 + Level 4.0 Stealth
 + Level 2.1 Unarmed Combat
 - Level 2.0 Spellcasting
 * Level 4.7 Hexes


You had 2 spell levels left.
You knew the following spells:

 Your Spells              Type           Power        Failure   Level  Hunger
a - Corona                Hex            ###....      3%          1    #......
b - Ensorcelled Hibernat  Hex/Ice        #.....       12%         2    ###....

Your spell library contained the following spells:

 Spells                   Type           Power        Failure   Level  Hunger
 Confuse                  Hex            ###.....     9%          3    ###....
 Tukima's Dance           Hex            ###.....     9%          3    ###....
 Dazzling Spray           Conj/Hex       #.....       24%         3    ###....


Dungeon Overview and Level Annotations

Branches:
Dungeon (2/15)

Altars:
Ru


Innate Abilities, Weirdness & Mutations

You cannot wear armour.
You are incapable of wielding weapons or throwing items.
Your paws allow you to move quietly. (Stealth)
You have sharp claws.
You have razor-sharp teeth.
You have supernaturally acute eyesight. (SInv)
You are carnivorous and can eat meat at any time.
You cover ground quickly.
You are covered in fur. (AC +1)
You have a slow metabolism.
Your sharp claws are effective at attacking unaware monsters.


Message History

You climb downwards.
Found a hand axe.
There is a stone staircase leading up here.
n - a scroll labeled VYAJIDDEYNO
o - a scroll labeled BOMITE MILIO A goblin comes into view.
It is wielding a +0 dagger.
Found a sacrificial altar of Ru.
A goblin is nearby!
Found 27 stones.
The goblin shouts!
You scratch the goblin.
You kill the goblin!
No target in view!
No target in view!
No target in view!
A kobold comes into view.
It is wielding a +2 dagger of electrocution.
The kobold hits you with a +2 dagger of electrocution.
You are electrocuted!!
Ouch! That really hurt!
You die...

## .. ###. #. #..
.! #.# #. ##.##
#. ##...########
#K###.....##....#
#.@#...(...#.##.#
#......_.....##.#
#.##.......####.#
#. ##.....## #.#
#. ##)..### #.#
.. ##.##.# #.# .#
##.##.# #.# #.
#.##..##.####.#
#.............#


You could see a kobold.

Vanquished Creatures
  2 leopard geckos (D:1)
  4 bats (D:1)
  A giant cockroach (D:1)
  A hobgoblin (D:1)
  3 frilled lizards (D:1)
  A goblin (D:2)
  3 rats (D:1)
15 creatures vanquished.

Notes
Turn   | Place    | Note
-------+----------+-------------------------------------------
     0 | D:1      | Masnef the Felid Enchanter began the quest for the Orb.
     0 | D:1      | Reached XP level 1. HP: 7/7 MP: 4/4
   171 | D:1      | Reached XP level 2. HP: 7/11 MP: 6/6
   175 | D:1      | Learned a level 2 spell: Ensorcelled Hibernation
   920 | D:2      | Found a sacrificial altar of Ru.
   932 | D:2      | Mangled by a kobold

Skill      XL: |  1 |
---------------+----+-----
Unarmed Combat | 2 |  2.1
Dodging        | |  2.6
Stealth        | |  4.0
Spellcasting   | |  2.0
Hexes          | |  4.7

Action                   || total
-------------------------++-------
Melee: Unarmed           ||    60
       Bite              ||     6
 Stab: Sleeping          ||     3
Armor: Skin              ||     8
Dodge: Dodged            ||    72
